 Dungeon Crawl Stone Soup version 0.31.0-32-g396128a36d (webtiles) character file.

Game seed: 6120899261730397206

158 Gabide the Gusty (level 5, -14/27 (29) HPs)
             Began as a Tengu Air Elementalist on Apr 15, 2024.
             Demolished by a hell rat (17 damage)
             ... in a sewer.
             The game lasted 00:05:31 (2972 turns).

Gabide the Gusty (Tengu Air Elementalist)           Turns: 2972, Time: 00:05:33

HP:   -14/27 (29)   AC:  2    Str:  8    XL:     5   Next: 40%
MP:   4/10          EV: 13    Int: 17    God:
Gold: 93            SH:  0    Dex: 15    Spells: 6/9 levels left

rFire   . . .        a - +2 short sword (speed)
rCold   . . .        (no shield)
rNeg    . . .        e - +0 robe
rPois   .            (helmet restricted)
rElec   .            (no cloak)
rCorr   .            (no gloves)
SInv    .            (boots unavailable)
Will    .....        (no amulet)
Stlth   ++           (no ring)
HPRegen 0.24/turn    (no ring)
MPRegen 0.12/turn

%: acrobat
@: drained
A: beak, talons 3, acrobatic
a: no special abilities


You were in a sewer.
You visited 1 branch of the dungeon, and saw 3 of its levels.
You also visited: Sewer.

You collected 93 gold pieces.

Inventory:

Hand Weapons
 a - a +2 short sword of speed (weapon)
Missiles
 c - a throwing net
Armour
 e - a +0 robe (worn)
Wands
 f - a wand of iceblast (5)
Potions
 b - a potion of magic
 d - a potion of haste {unknown}
 g - 2 potions of curing {unknown}
 h - a potion of heal wounds {unknown}
 j - 2 potions of cancellation {unknown}


   Skills:
 + Level 1.4 Fighting
 + Level 2.9 Dodging
 + Level 2.6 Stealth
 * Level 2.8 Spellcasting
 * Level 3.2 Conjurations
 * Level 5.1 Air Magic


You had 6 spell levels left.
You knew the following spells:

 Your Spells              Type           Power      Damage    Failure   Level
a - Shock                 Conj/Air       64%        1d7       3%          1
b - Static Discharge      Conj/Air       32%        3-5/arc   4%          2

Your spell library contained the following spells:

 Spells                   Type           Power      Damage    Failure   Level
 Swiftness                Air            19%        N/A       6%          3
 Airstrike                Air            9%         2d(2-18)  22%         4


Dungeon Overview and Level Annotations

Branches:
Dungeon (3/15)              Sewer (1/1)

Altars:


Innate Abilities, Weirdness & Mutations

You have a beak for a mouth.
You have claws for feet.
You can magically evade attacks while moving or waiting.


Message History

The zap hits the rat.
The rat is heavily wounded.
The zap hits the rat.
You kill the rat!
Magic restored.
You enter the shallow water.
Moving in this stuff is going to be slow.
You enter the shallow water.
Moving in this stuff is going to be slow.
You enter the shallow water.
Moving in this stuff is going to be slow.
You enter the shallow water.
Moving in this stuff is going to be slow.
You open the door.
A hell rat comes into view.
Found seven items.
Found a gate leading back out of this place.
The zap hits the hell rat.
The hell rat is moderately wounded.
The hell rat roars deafeningly!
You hear a loud squeak.
The zap hits the hell rat.
The hell rat is moderately wounded.
The zap misses the hell rat.
The zap misses the hell rat.
Casting: Shock (safe; 3% risk of failure)
Confirm with . or Enter, or press ? or * to list all spells.
Okay, then.
Casting: Shock (safe; 3% risk of failure)
Confirm with . or Enter, or press ? or * to list all spells.
The hell rat is struck by an arc of lightning.
The hell rat is heavily wounded.
You are struck by an arc of lightning.
The lightning grounds out.
The hell rat bites you!!
Ouch! That really hurt!
* * * LOW HITPOINT WARNING * * *
You feel drained.
* * * LOW HITPOINT WARNING * * *
The hell rat bites you!
Ouch! That really hurt!
You die...

###..~.~∩.~~.~#
#.....#####~~..~
##.~~###?∩!###~~~
#~~~##~!/!!)~# ~~
#~~~# ~.~~~~~ .
#.~~## ~~~~~ ~
##~.~###~~~ ..~
#~.~~~##r##~~.~~
###..~.~@~~~~~#
###..~~.~.###
#########


You could see a hell rat.

Vanquished Creatures
  Natasha (thrice) (D:2)
  2 river rats
  2 ribbon worms
  3 bats (D:2)
  4 endoplasms
  2 giant cockroaches
  4 goblins (D:1)
  3 hobgoblins
  7 jackals (D:2)
  4 quokkas
  6 ball pythons
  5 frilled lizards
  7 kobolds
  11 rats
63 creatures vanquished.

Notes
Turn   | Place    | Note
-------+----------+-------------------------------------------
     0 | D:1      | Gabide the Tengu Air Elementalist began the quest for the
                  | Orb.
     0 | D:1      | Reached XP level 1. HP: 10/10 MP: 4/4
   344 | D:1      | Reached XP level 2. HP: 15/15 MP: 1/6
  1078 | D:1      | Reached XP level 3. HP: 20/20 MP: 3/7
  1081 | D:1      | Learned a level 2 spell: Static Discharge
  1898 | D:2      | Noticed Natasha
  1905 | D:2      | Killed Natasha
  1906 | D:2      | Reached skill level 1 in Fighting
  1906 | D:2      | Reached XP level 4. HP: 20/25 MP: 0/8
  2159 | D:2      | Noticed Natasha
  2163 | D:2      | Killed Natasha
  2571 | D:2      | Noticed Natasha
  2593 | D:2      | Killed Natasha
  2594 | D:2      | Reached skill level 5 in Air Magic
  2594 | D:2      | Reached XP level 5. HP: 15/29 MP: 0/10
  2866 | D:3      | Found a glowing drain.
  2870 | Sewer    | Entered a sewer
  2972 | Sewer    | Demolished by a hell rat

Illustrated notes

Levels and vault maps discovered:
D:1:      mainiacjoe_arrival_oval_in_oval, layout_basic, st_stairs_5
D:2:      layout_basic, kennysheep_nondescript, uniq_natasha
D:3:      layout_loops_ring, mainiacjoe_sewer_entry_somewhere_in_here_1
Sewer:    sewer_hellmonk_bad_rat

Skill      XL: |  1  2  3  4 |
---------------+-------------+-----
Conjurations   | 2 3 |  3.2
Fighting       | 1 |  1.4
Air Magic      | 5 |  5.1
Dodging        | |  2.9
Stealth        | |  2.6
Spellcasting   | |  2.8

Action                     |  1- 3 |  4- 6 || total
---------------------------+-------+-------++-------
  Melee: Short sword       |     4 |     5 ||     9
         Peck              |     2 |     1 ||     3
         Kick              |       |     1 ||     1
   Cast: Shock             |    78 |    71 ||   149
         Static Discharge  |       |     1 ||     1
    Use: Scroll            |     3 |     3 ||     6
 Armour: Robe              |     4 |    12 ||    16
  Dodge: Dodged            |    12 |    18 ||    30
